AoeStats
← [GG] Shevchenko 7

MegaRandom

508141840Analyzed
4v4 RM · 12d ago on Sep 21, 2026· 46m 14s· 8 players
Game mode
Random Map
Map size
Large (8 player)
Population
200
Speed
Normal
Resources
Standard
Victory
Conquest
Starting age
Dark Age
Ending age
Imperial Age
RankedLock teamsTeams togetherTeam positionsShared explorationLock speedFull tech treeHidden civsTurbo modeCheats
Victory
Defeat
🇺🇸 Georgians · United States
1074
+14
🇲🇽 Saracens · Mexico
1022
+17
🇺🇸 Koreans · United States
1017
+17
🇺🇸 Mongols · United States
981
+18
1090
-20
🇧🇷 Malians · Brazil
1057
-17
🇧🇷 Portuguese · Brazil
1006
-15
🇧🇷 Byzantines · Brazil
979
-14
animaniacs2
9:40 Feudal Age
8:49 Loom
10:27 Double-Bit Axe
15:59 Fletching
20:41 Castle Age
18:44 Padded Archer Armor
19:17 Stone Mining
21:04 Crossbowman
22:58 Wheelbarrow
23:20 Town Watch
27:31 Bodkin Arrow
29:08 Leather Archer Armor
29:27 Gold Mining
31:42 Ballistics
33:15 Forging
39:14 Imperial Age
38:28 Scale Barding Armor
39:23 Iron Casting
40:20 Husbandry
40:44 Elite Mameluke
43:13 Blast Furnace
42:54 Bloodlines
42:05 Light Cavalry
45:34 Counterweights
46:50 Hand Cart
46:36 Town Patrol
Koality
1:09 Loom
12:21 Feudal Age
13:19 Double-Bit Axe
17:38 Castle Age
16:47 Stone Mining
17:36 Gold Mining
18:59 Bow Saw
26:07 Fletching
26:47 Crossbowman
28:20 Thumb Ring
29:31 Gold Shaft Mining
29:44 Bodkin Arrow
30:22 Ballistics
34:50 Imperial Age
37:03 Chemistry
35:35 Arbalester
40:05 Wheelbarrow
SlickSloth
0:33 Loom
11:28 Feudal Age
15:53 Castle Age
14:10 Double-Bit Axe
23:38 Horse Collar
24:04 Gold Mining
27:41 Scale Barding Armor
27:36 Scale Mail Armor
28:43 Husbandry
29:29 Bloodlines
29:29 Heavy Plow
31:49 Chain Mail Armor
31:55 Chain Barding Armor
36:57 Imperial Age
35:16 Wheelbarrow
39:06 Elite Steppe Lancer
41:33 Plate Mail Armor
41:53 Stone Mining
42:38 Gold Shaft Mining
42:58 Gold Shaft Mining
PapiChullo
0:50 Loom
13:46 Feudal Age
17:51 Castle Age
15:49 Double-Bit Axe
16:44 Stone Mining
16:48 Gold Mining
16:41 Horse Collar
18:59 Bow Saw
25:53 Forging
27:11 Heavy Plow
28:58 Iron Casting
32:38 Wheelbarrow
33:08 Scale Barding Armor
34:10 Chain Barding Armor
34:41 Husbandry
34:51 Bloodlines
38:11 Imperial Age
36:40 Ballistics
36:16 Murder Holes
39:57 Elite Monaspa
[GG] Ibrahimovic
6:37 Loom
13:56 Feudal Age
14:41 Horse Collar
14:49 Double-Bit Axe
18:59 Fletching
28:49 Wheelbarrow
28:45 Padded Archer Armor
31:19 Gold Mining
32:40 Forging
32:36 Scale Barding Armor
[GG] Raúl González Blanco
10:52 Feudal Age
16:39 Castle Age
15:55 Bloodlines
17:51 Horse Collar
17:59 Loom
21:27 Town Watch
22:16 Scale Barding Armor
23:47 Chain Barding Armor
28:08 Town Patrol
28:30 Heavy Plow
29:54 Wheelbarrow
31:44 Hand Cart
31:21 Fletching
31:42 Forging
32:20 Fervor
36:49 Imperial Age
34:22 Pikeman
36:00 Kamandaran
37:20 Husbandry
37:17 Crossbowman
38:02 Thumb Ring
38:20 Bodkin Arrow
38:25 Scale Mail Armor
39:04 Iron Casting
38:30 Padded Archer Armor
38:05 Light Cavalry
39:24 Murder Holes
38:53 Cavalier
41:42 Leather Archer Armor
42:03 Plate Barding Armor
42:36 Blast Furnace
42:18 Ballistics
[GG] Trezeguet
9:28 Feudal Age
11:05 Loom
16:28 Castle Age
15:31 Scale Mail Armor
15:42 Forging
16:07 Horse Collar
17:45 Wheelbarrow
25:37 Gold Mining
25:58 Heavy Plow
27:26 Hand Cart
27:21 Double-Bit Axe
28:17 Gold Shaft Mining
27:35 Stone Mining
32:55 Imperial Age
31:10 Pikeman
31:50 Squires
32:12 Murder Holes
32:08 Heated Shot
34:14 Chain Mail Armor
34:35 Iron Casting
35:32 Chemistry
34:53 Ballistics
34:46 Masonry
34:17 Treadmill Crane
35:18 Conscription
34:19 Elite Gbeto
35:34 Plate Mail Armor
35:10 Scale Barding Armor
34:56 Fletching
35:07 Padded Archer Armor
36:44 Bow Saw
37:33 Tigui
37:55 Chain Barding Armor
39:32 Elite Gbeto
[GG] Shevchenko 7
6:13 Loom
12:28 Feudal Age
17:10 Castle Age
15:31 Double-Bit Axe
15:32 Horse Collar
16:51 Gold Mining
25:34 Fletching
25:53 Scale Barding Armor
26:13 Bodkin Arrow
28:39 Wheelbarrow
29:54 Hand Cart
34:55 Imperial Age
34:12 Forging
34:03 Padded Archer Armor
35:37 Light Cavalry
36:31 Bloodlines
36:59 Iron Casting
36:45 Chain Barding Armor
38:40 Pikeman
40:36 Bracer
40:38 Scale Mail Armor
41:01 Husbandry
42:12 Elite Skirmisher
Connection lost

Rejoining the realm…

Still unreachable

The connection could not be restored.

Session expired

The server has moved on; the page needs a fresh start.